cohdb
Replays
Latest Replays
All Replays
Popular Replays
Top Player Replays
Match Explorer
How It Works
Community
CoH3 Stats
Reddit
Sign in to upload your games and track your stats! →
Sign in with Steam
Match 44623820
Unlisted
Match 44623820
Overview
Messages
Build Orders
End
Selects Special Operations Battlegroup
Construct Barracks
Riflemen Squad
Riflemen Squad
Riflemen Squad
Grenade Package
Riflemen Squad
Riflemen Squad
Selects M29 Weasel with M1 Pack Howitzer
Riflemen Squad
Air Support Center
Construct Weapon Support Center
M1918 Browning Automatic Rifles
Construct Medical Station
Selects P-47 Anti-Infantry Loiter
Construct Tank Depot
Grasshopper Recon Run
Riflemen Squad
Selects UNKNOWN (2162291)
Selects Raiding Flares
Selects SSF Commando Squad
Raiding Flares
P-47 Dive Bomb
M4A1 Sherman Whizbang
Grasshopper Recon Run
M4A1 Sherman Whizbang
P-47 Strafing Run
Raiding Flares
Selects Assault Operation
Grasshopper Recon Run
P-47 Strafing Run
M4A1 Sherman Whizbang
SSF Commando Squad
Improved M9 Bazooka Rockets
Raiding Flares
SSF Commando Squad
装甲游骑兵
人怂手抖不敢刚
JOJO
旧年
ManFrau
sGz Pandora
Chef Jones
vincent
0
0
Comments
sign in to comment!
No comments posted yet!